 Dungeon Crawl Stone Soup version 0.23.1-37-gaa34b87 (webtiles) character file.

Game seed: 111982938591010820

261 Lauz the Grave Robber (level 5, -9/28 HPs)
             Began as a Deep Elf Necromancer on Mar 27, 2019.
             Killed from afar by an orc wizard (11 damage)
             ... with a puff of flame
             ... on level 4 of the Dungeon.
             The game lasted 00:15:27 (4269 turns).

Lauz the Grave Robber (Deep Elf Necromancer)        Turns: 4269, Time: 00:15:27

Health: -9/28      AC:  5    Str:  5    XL:     5   Next: 96%
Magic:  12/15      EV: 13    Int: 21    God:
Gold:   113        SH:  0    Dex: 15    Spells: 10/15 levels left

rFire    . . .     SeeInvis .   (no weapon)
rCold    . . .     Gourm    .   (no shield)
rNeg     . . .     Faith    .   a - +0 robe
rPois    .         Spirit   .   (no helmet)
rElec    .         Reflect  .   (no cloak)
rCorr    .         Harm     .   (no gloves)
MR       .....                  f - +2 pair of boots
Stlth    ++........             g - amulet of inaccuracy (curse)
HPRegen  0.09/turn              k - ring of wizardry
MPRegen  0.14/turn              (no ring)

@: no status effects
A: no striking features
a: no special abilities


You were on level 4 of the Dungeon.
You were hungry.

You visited 1 branch of the dungeon, and saw 4 of its levels.

You collected 113 gold pieces.

Inventory:

Armour
 a - a +0 robe (worn)
 f - a +2 pair of boots (worn)
Jewellery
 g - a cursed amulet of inaccuracy (around neck)
 k - a ring of wizardry (left hand)
Wands
 l - a wand of iceblast (5)
Scrolls
 b - a scroll of enchant weapon
 h - 2 scrolls of teleportation
 j - 3 scrolls of identify
Potions
 d - a potion of mutation {unknown}
 e - 6 potions of curing
 i - a potion of haste {unknown}
Comestibles
 c - 7 rations


   Skills:
 + Level 0.1 Fighting
 + Level 2.7 Dodging
 - Level 2.4 Stealth
 + Level 5.7 Spellcasting
 * Level 7.3 Necromancy


You had 10 spell levels left.
You knew the following spells:

 Your Spells              Type           Power        Failure   Level  Hunger
a - Pain                  Necr           ####         1%          1    None
b - Animate Dead          Necr           N/A          1%          4    ####...

Your spell library contained the following spells:

 Spells                   Type           Power        Failure   Level  Hunger
 Animate Skeleton         Necr           N/A          1%          1    None
 Vampiric Draining        Necr           #####.....   1%          3    ##.....
 Regeneration             Chrm/Necr      ###.......   2%          3    ##.....


Dungeon Overview and Level Annotations

Branches:
Dungeon (4/15)
 Temple: D:4-7

Altars:
Ashenzari

Shops:
D:4 (


Message History

The orc hits your howler monkey zombie with a +0 mace.
Your howler monkey zombie closely misses the orc.
The orc priest looks satisfied for a moment.
Your howler monkey zombie hits the orc priest.
The orc hits your howler monkey zombie with a +0 mace.
The orc priest hits your howler monkey zombie with a +0 war axe!
Your howler monkey zombie is destroyed!
The orc wizard miscasts a cantrip.
The orc barely misses your howler monkey zombie.
Your howler monkey zombie hits the orc wizard.
The orc wizard barely misses your howler monkey zombie.
The orc priest calls down the wrath of Beogh upon you.
Beogh smites you!
* * * LOW HITPOINT WARNING * * *
Your howler monkey zombie hits the orc wizard.
Something hits your howler monkey zombie.
Your howler monkey zombie is destroyed!
The orc wizard points at you and mumbles some strange words.
The puff of flame hits you!
You die...

### ### ##.# #.# #..# . #
###.#####..#### ... ###
####.......@.....###.....
..####.........######..oo.)...
#........###..## ###o......
##....#### #.Z## ##.....
#...## #...# .... #..## #...#
... #..# #...# .. #..# #...##
. #..# ##....#


You could see an orc wizard.

Vanquished Creatures
  A howler monkey (D:4)
  A worker ant (D:4)
  3 adders (D:3)
  4 gnolls (D:2)
  2 oozes
  2 worms (D:2)
  3 dart slugs
  4 leopard geckos
  9 orcs
  3 hobgoblins
  2 jackals (D:3)
  3 quokkas
  2 ball pythons (D:2)
  11 bats
  2 frilled lizards (D:1)
  8 goblins
  11 kobolds
  9 rats
80 creatures vanquished.

Vanquished Creatures (collateral kills)
  A howler monkey (D:4)
  An adder (D:3)
  An adder skeleton (D:4)
  A worm (D:3)
  An orc (D:4)
  A ball python (D:3)
  A jackal (D:3)
  A kobold (D:3)
  2 quokkas
  A bat (D:3)
  A rat (D:3)
12 creatures vanquished.

Grand Total: 92 creatures vanquished

Notes
Turn   | Place    | Note
-------+----------+-------------------------------------------
     0 | D:1      | Lauz the Deep Elf Necromancer began the quest for the Orb.
     0 | D:1      | Reached XP level 1. HP: 10/10 MP: 6/6
    99 | D:1      | Reached skill level 5 in Necromancy
   541 | D:1      | Reached XP level 2. HP: 15/15 MP: 6/8
  1340 | D:2      | Reached XP level 3. HP: 16/19 MP: 6/10
  1629 | D:2      | Found a faded altar of an unknown god.
  1646 | D:2      | Reached skill level 6 in Necromancy
  1853 | D:2      | Reached XP level 4. HP: 23/24 MP: 10/12
  1964 | D:2      | Found a shattered altar of Ashenzari.
  3085 | D:3      | Learned a level 4 spell: Animate Dead
  3507 | D:3      | Reached skill level 5 in Spellcasting
  3507 | D:3      | Reached XP level 5. HP: 25/28 MP: 9/14
  4053 | D:4      | Reached skill level 7 in Necromancy
  4214 | D:4      | Found Uloppate's Antique Weapon Shoppe.
  4269 | D:4      | Killed from afar by an orc wizard

Skill      XL: |  1  2  3  4  5 |
---------------+----------------+-----
Necromancy     | 5 6 7 |  7.3
Spellcasting   | 4 5 |  5.7
Fighting       | |  0.1
Dodging        | |  2.7
Stealth        | |  2.4

Action                   |  1- 3 |  4- 6 || total
-------------------------+-------+-------++-------
 Cast: Pain              |    59 |   108 ||   167
       Animate Dead      |       |    18 ||    18
  Use: Scroll            |     3 |     2 ||     5
  Eat: Chunk             |     3 |     9 ||    12
Armor: Robe              |     8 |    15 ||    23
Dodge: Dodged            |    29 |    43 ||    72
